 Dungeon Crawl Stone Soup version 0.29.1-13-g9f3cf754e1 (webtiles) character file.

Game seed: 5627836098342247044

389 xian the Caller (level 6, 0/42 HPs)
             Began as a Demonspawn Summoner on Feb 2, 2023.
             Succumbed to Eustachio's poison
             ... on level 4 of the Dungeon.
             The game lasted 00:22:05 (4057 turns).

xian the Caller (Demonspawn Summoner)               Turns: 4057, Time: 00:22:06

Health: 0/42       AC:  7    Str:  8    XL:     6   Next: 49%
Magic:  12/12      EV: 16    Int: 18    God:
Gold:   194        SH:  0    Dex: 14    Spells: 4/13 levels left

rFire   . . .      SeeInvis .   g - +0 dagger
rCold   . . .      Faith    .   (no shield)
rNeg    . . .      Spirit   .   a - +0 robe
rPois   .          Reflect  .   (no helmet)
rElec   .          Harm     .   (no cloak)
rCorr   .          Rampage  .   r - +0 pair of gloves
Will    .....                   (boots unavailable)
Stlth   ++........              v - amulet of magic regeneration
HPRegen 0.14/turn               h - +4 ring of protection
MPRegen 0.53/turn               s - +4 ring of evasion

@: lethally poisoned (0 -> -21)
A: hooves 3
a: no special abilities


You were on level 4 of the Dungeon.
You visited 1 branch of the dungeon, and saw 4 of its levels.

You collected 194 gold pieces.

Inventory:

Hand Weapons
 g - a +0 dagger (weapon)
Missiles
 d - 2 stones (quivered)
 m - a throwing net
 w - 16 boomerangs
 B - 4 javelins
 C - 2 boomerangs of dispersal
Armour
 a - a +0 robe (worn)
 r - a +0 pair of gloves (worn)
Magical Staves
 k - a staff of earth
 p - a staff of air
 A - a staff of conjuration
Jewellery
 h - a +4 ring of protection (left hand)
 s - a +4 ring of evasion (right hand)
 v - an amulet of magic regeneration (around neck)
Wands
 y - a wand of flame (24)
Scrolls
 f - 2 scrolls of fear {unknown}
 j - 3 scrolls of teleportation
 n - 2 scrolls of blinking {unknown}
 o - 2 scrolls of immolation
 q - a scroll of enchant weapon
 z - a scroll of vulnerability
Potions
 b - a potion of magic
 c - 3 potions of curing {unknown}
 e - a potion of haste
 i - a potion of heal wounds
 l - 3 potions of degeneration {unknown}
 t - 2 potions of brilliance
 x - a potion of lignification


   Skills:
 + Level 0.7 Fighting
 + Level 1.4 Short Blades
 + Level 0.5 Throwing
 + Level 2.4 Dodging
 + Level 2.4 Stealth
 + Level 0.1 Unarmed Combat
 + Level 4.1 Spellcasting
 + Level 0.1 Hexes
 + Level 5.5 Summonings


You had 4 spell levels left.
You knew the following spells:

 Your Spells              Type           Power      Damage    Failure   Level
a - Summon Small Mammal   Summ           92%        N/A       1%          1
b - Call Imp              Summ           23%        N/A       2%          2
c - Call Canine Familiar  Summ           23%        N/A       4%          3
d - Summon Guardian Gole  Hex/Summ       13%        N/A       14%         3

Your spell library contained the following spells:

 Spells                   Type           Power      Damage    Failure   Level
 Ensorcelled Hibernation  Hex/Ice        6%         N/A       22%         2
 Spider Form              Tmut/Pois      3%         N/A       41%         3
 Summon Lightning Spire   Summ/Air       13%        N/A       43%         4
 Anguish                  Hex/Necr       1%         N/A       80%         4


Dungeon Overview and Level Annotations

Branches:
Dungeon (4/15)
 Temple: D:4-7

Altars:
Dithmenos

Annotations:
D:4 Eustachio


Innate Abilities, Weirdness & Mutations

You have hooves in place of feet.


Message History

Your hound bites the rat.
The rat dies!
The rat's corpse disappears in a puff of smoke!
Your hound closely misses the quokka.
The quokka bites your hound.
Your hound closely misses the quokka.
The quokka twitches its whiskers.
The quokka closely misses your hound.
Your hound bites the quokka.
The quokka bites your hound.
Your hound barely misses the quokka.
Your hound closely misses the quokka.
The quokka barely misses your hound.
Your hound bites the quokka.
The quokka dies!
The quokka's corpse disappears in a puff of smoke!
Your hound closely misses Eustachio.
Eustachio hits your hound with a +6 rapier of venom!
Your hound is poisoned.
Your hound bites Eustachio.
Your hound dies!
Your hound's corpse disappears in a puff of smoke!
Eustachio mumbles some strange words.
Casting: Call Canine Familiar (dangerous; 4% risk of failure)
Confirm with . or Enter, or press ? or * to list all spells.
A guardian golem appears, shielding your allies.
The bat hits you but does no damage.
You swap places.
The bat hits your guardian golem but does no damage.
Eustachio mumbles some strange words.
Eustachio blinks!
The bat hits your guardian golem but does no damage.
The bat barely misses your guardian golem.
Eustachio hits you with a +6 rapier of venom!
You are lethally poisoned!
The bat completely misses your guardian golem.
* * * LOW HITPOINT WARNING * * *
You feel very sick.
The bat hits your guardian golem but does no damage. x2
Eustachio hits you with a +6 rapier of venom.
* * * LOW HITPOINT WARNING * * *
You are more poisoned.
You die...

#.# #@# #.# #r#
#.# #r# #)# #9#
#.# #.# #.# #.#
#.#
#.####@#########
#.bb9...@.......
########.#######
.... ##.### #.#
#.# #.# #.#


You could see Eustachio, 2 bats and a friendly guardian golem (summoned).

Vanquished Creatures
  An iguana (D:4)
  An adder (D:4)
  An orc (D:4)
  2 ball pythons
  2 bats (D:1)
  2 endoplasms (D:1)
  A giant cockroach (D:1)
  3 goblins
  4 hobgoblins
  A quokka (D:1)
  4 frilled lizards
  A kobold (D:1)
  2 rats
25 creatures vanquished.

Vanquished Creatures (collateral kills)
  An ice beast (D:4)
  A hound (D:4)
  An iguana (D:4)
  An orc wizard (D:4)
  A gnoll (D:4)
  4 adders
  A shadow imp (D:4)
  A worm (D:2)
  2 dart slugs
  7 orcs (D:4)
  6 ball pythons
  7 endoplasms
  2 giant cockroaches (D:2)
  7 goblins
  3 hobgoblins
  2 quokkas
  6 bats
  3 kobolds
  4 rats
60 creatures vanquished.

Vanquished Creatures (others)
  2 gnolls (D:4)
  An adder (D:4)
3 creatures vanquished.

Grand Total: 88 creatures vanquished

Notes
Turn   | Place    | Note
-------+----------+-------------------------------------------
     0 | D:1      | xian the Demonspawn Summoner began the quest for the Orb.
     0 | D:1      | Reached XP level 1. HP: 13/13 MP: 3/3
   429 | D:1      | Gained mutation: You have large cloven feet. [demonic
                  | ancestry]
   429 | D:1      | Reached XP level 2. HP: 7/19 MP: 0/5
   691 | D:1      | Learned a level 2 spell: Call Imp
  1359 | D:1      | Gained mutation: You have hoof-like feet. [demonic
                  | ancestry]
  1359 | D:1      | Reached XP level 3. HP: 16/24 MP: 1/6
  2008 | D:2      | Learned a level 3 spell: Call Canine Familiar
  2332 | D:2      | Reached XP level 4. HP: 21/30 MP: 1/7
  3051 | D:3      | Found a shadowy altar of Dithmenos.
  3752 | D:4      | Reached skill level 5 in Summonings
  3761 | D:4      | Reached skill level 1 in Short Blades
  3761 | D:4      | Reached XP level 5. HP: 22/36 MP: 9/9
  3874 | D:4      | Noticed an ice beast
  3895 | D:4      | Killed an ice beast
  3896 | D:4      | Gained mutation: You have hooves in place of feet. [demonic
                  | ancestry]
  3896 | D:4      | Reached XP level 6. HP: 31/42 MP: 9/11
  3904 | D:4      | Learned a level 3 spell: Summon Guardian Golem
  3912 | D:4      | Noticed Eustachio
  4057 | D:4      | Succumbed to Eustachio's poison

Illustrated notes

Levels and vault maps discovered:
D:1:      evilmike_arrival_rings, layout_loops_corners
D:2:      layout_loops_cross
D:3:      layout_basic, mainiacjoe_overflow_boulevard, supply_closet_lemuel
D:4:      layout_basic, uniq_duvessa, uniq_eustachio

Skill      XL: |  1  2  3  4  5  6 |
---------------+-------------------+-----
Dodging        | 2 |  2.4
Stealth        | 2 |  2.4
Summonings     | 5 |  5.5
Short Blades   | 1 |  1.4
Spellcasting   | 3 4 |  4.1
Fighting       | |  0.7
Throwing       | |  0.5
Unarmed Combat | |  0.1
Hexes          | |  0.1

Action                   |  1- 3 |  4- 6 || total
-------------------------+-------+-------++-------
Melee: Unarmed           |    23 |       ||    23
       Dagger            |    65 |    89 ||   154
       Kick              |    10 |     7 ||    17
Throw: Stone             |     3 |    19 ||    22
 Cast: Summon Small Mamm |    20 |     5 ||    25
       Call Imp          |    10 |     7 ||    17
       Call Canine Famil |     5 |    13 ||    18
       Summon Guardian G |       |     5 ||     5
  Use: Scroll            |       |     8 ||     8
       Potion            |       |     1 ||     1
 Stab: Distracted        |     1 |     1 ||     2
       Sleeping          |     1 |       ||     1
Armor: Robe              |    53 |    41 ||    94
Dodge: Dodged            |   101 |    80 ||   181
